 Dungeon Crawl Stone Soup version 0.30.1-4-g462c640d31 (webtiles) character file.

Game seed: 13072032881166151679

75 Amplified the Covered (level 4, 0/37 HPs)
             Began as a Minotaur Hedge Wizard on Sept 17, 2023.
             Was a Believer of Zin.
             Slain by Crazy Yiuf
             ... wielding a +3 quarterstaff of chaos
              (3 damage)
             ... on level 3 of the Dungeon.
             The game lasted 00:03:04 (1595 turns).

Amplified the Covered (Minotaur Hedge Wizard)       Turns: 1595, Time: 00:03:07

Health: 0/37       AC: 12    Str: 20    XL:     4   Next: 11%
Magic:  15/15      EV:  6    Int: 11    God:    Zin [**....]
Gold:   104        SH:  0    Dex:  9    Spells: 6/7 levels left

rFire   + . .        t - +5 hammer of Wounding {heavy, rF+ Str+3}
rCold   . . .        (no shield)
rNeg    . . .        g - +0 plate armour
rPois   .            c - +1 hat
rElec   .            (no cloak)
rCorr   .            (no gloves)
SInv    .            (no boots)
Will    .....        p - amulet of the acrobat Stlth
                     l - ring of magical power
HPRegen 0.26/turn    q - ring of flight
MPRegen 0.14/turn

%: acrobat
@: reciting, flying
A: horns 2, retaliatory headbutt
a: Renounce Religion, Recite, Vitalisation, Donate Gold


You were on level 3 of the Dungeon.
You worshipped Zin.
Zin was pleased with you.
You visited 1 branch of the dungeon, and saw 3 of its levels.

You collected 115 gold pieces.
You donated 11 gold pieces to Zin.

Inventory:

Hand Weapons
 a - a +0 dagger
 s - a +0 whip
 t - the +5 hammer of Wounding (weapon) {heavy, rF+ Str+3}
   (You found it on level 3 of the Dungeon)

   Str:       It affects your strength (+3).
   rF:        It protects you from fire.
Missiles
 f - 6 poisoned darts
Armour
 b - a +0 robe
 c - a +1 hat (worn)
 e - a +0 ring mail
 g - a +0 plate armour (worn)
Magical Staves
 r - a staff of earth
Jewellery
 l - a ring of magical power (left hand)
 p - an amulet of the acrobat (around neck)
 q - a ring of flight (right hand)
Scrolls
 m - a scroll of amnesia
 o - a scroll of fog
Potions
 d - 2 potions of magic
 h - a potion of haste {unknown}
 i - a potion of lignification {unknown}
 j - a potion of attraction {unknown}
 k - a potion of berserk rage {unknown}
 n - a potion of degeneration {unknown}


   Skills:
 * Level 2.5 Fighting
 * Level 1.1 Maces & Flails
 * Level 2.6 Armour
 - Level 2.2 Dodging
 - Level 1.5 Stealth
 - Level 2.1 Spellcasting
 - Level 0.6 Conjurations
 - Level 0.6 Summonings
 - Level 0.6 Translocations
 * Level 1.1 Invocations


You had 6 spell levels left.
You knew the following spells:

 Your Spells              Type           Power      Damage    Failure   Level
a - Magic Dart            Conj           8%         1d3       100%        1

Your spell library contained the following spells:

 Spells                   Type           Power      Damage    Failure   Level
 Slow                     Hex            4%         N/A       100%        1
 Blink                    Tloc           4%         N/A       100%        2
 Call Imp                 Summ           4%         N/A       100%        2
 Cigotuvi's Dreadful Rot  Necr/Pois/Air  2%         N/A       100%        2
 Mephitic Cloud           Conj/Pois/Air  1%         N/A       100%        3


Dungeon Overview and Level Annotations

Branches:
Dungeon (3/15)

Altars:
Fedhas
Zin

Annotations:
D:3 Crazy Yiuf


Innate Abilities, Weirdness & Mutations

You have a pair of horns on your head.
You reflexively headbutt those who attack you in melee.


Message History

Found two hammers.
You see here the +5 hammer of Wounding {heavy, rF+ Str+3}.
t - the +5 hammer of Wounding {heavy, rF+ Str+3} You feel stronger.
t - the +5 hammer of Wounding (weapon)
{heavy, rF+ Str+3} Unknown command.
Found seven hammers.
Found a runed translucent door.
You see here a +0 hammer.
Found a hammer.
You see here a +0 hammer.
Crazy Yiuf says, "Cake pizzabubble stair!"
You see here a +0 hammer.
Found two hammers and a runed hammer.
You see here a +0 hammer.
You reach down and open the door.
You thump Crazy Yiuf!
Crazy Yiuf is moderately wounded.
Crazy Yiuf hits you with a +3 quarterstaff of chaos.
You resist with some effort.
Crazy Yiuf hits you with a +3 quarterstaff of chaos!
You are electrocuted!
* * * LOW HITPOINT WARNING * * *
Okay, then.
Okay, then.
You closely miss Crazy Yiuf.
Crazy Yiuf is moderately wounded.
Crazy Yiuf hits you with a +3 quarterstaff of chaos!
* * * LOW HITPOINT WARNING * * *
Crazy Yiuf says, "Cake!"
Crazy Yiuf completely misses you.
Unknown command.
Unknown command.
Activating: Recite (4% risk of failure)
Press: ? - help, Dir - look around, f - activate You clear your throat and prepare to recite. "Zin saw the profanity of the legions of the damned, and..."
Crazy Yiuf hits you with a +3 quarterstaff of chaos!
Zin protects you from harm! Crazy Yiuf freezes you.
You die...

.##..##..######..##
.#.......# #....#
.#...###.# #....#
.#.......# #)..##
.#..###### ##.##
.#..#<..#### #)##
......†....# ##)#
.#....#.#### #)##
...........# ##@#
##.........# #g#
#..........# )))
###.#......# #)))#
# #.#.#....# #).)#
###.#.###### #####
##.....# ##.....#
.......#


You could see Crazy Yiuf.

Vanquished Creatures
  A gnoll (D:2)
  2 adders
  A worm (D:2)
  A dart slug (D:2)
  3 endoplasms
  A giant cockroach (D:3)
  3 goblins
  2 hobgoblins
  5 jackals
  2 quokkas
  6 ball pythons
  5 bats
  2 frilled lizards
  A kobold (D:2)
  6 rats
41 creatures vanquished.

Notes
Turn   | Place    | Note
-------+----------+-------------------------------------------
     0 | D:1      | Amplified the Minotaur Hedge Wizard began the quest for the
                  | Orb.
     0 | D:1      | Reached XP level 1. HP: 14/14 MP: 2/2
   161 | D:1      | Reached skill level 1 in Fighting
   161 | D:1      | Reached skill level 1 in Armour
   225 | D:1      | Reached XP level 2. HP: 23/23 MP: 4/4
   781 | D:1      | Found a faded altar of an unknown god.
   803 | D:1      | Prayed at the altar of an unknown god.
   803 | D:1      | Became a worshipper of Zin the Law-Giver
   803 | D:1      | Reached * piety under Zin
  1079 | D:2      | Reached XP level 3. HP: 14/29 MP: 5/5
  1227 | D:2      | Reached ** piety under Zin
  1436 | D:2      | Found a blossoming altar of Fedhas.
  1483 | D:2      | Reached skill level 1 in Maces & Flails
  1483 | D:2      | Reached skill level 1 in Invocations
  1513 | D:3      | Reached XP level 4. HP: 30/37 MP: 6/6
  1585 | D:3      | Identified the +5 hammer of Wounding {heavy, rF+ Str+3}
  1588 | D:3      | Found a runed translucent door.
  1589 | D:3      | Noticed Crazy Yiuf
  1595 | D:3      | Zin protects you from harm!
  1595 | D:3      | Slain by Crazy Yiuf

Illustrated notes

Levels and vault maps discovered:
D:1:      dpeg_arrival_lava_temple_mockup, layout_loops_ring,
          chequers_ecumenical_altar_twisty
D:2:      layout_basic, basic_altar, minmay_cupped
D:3:      layout_basic, portal_sewer_entry_b, uniq_robin, uniq_sigmund,
          uniq_crazy_yiuf_cottage

Skill      XL: |  1  2  3 |
---------------+----------+-----
Fighting       | 1 2 |  2.5
Armour         | 1 2 |  2.6
Maces & Flails | 1 |  1.1
Invocations    | 1 |  1.1
Dodging        | |  2.2
Stealth        | |  1.5
Spellcasting   | |  2.1
Conjurations   | |  0.6
Summonings     | |  0.6
Translocations | |  0.6

Action                     |  1- 3 |  4- 6 || total
---------------------------+-------+-------++-------
  Melee: Dagger            |   110 |       ||   110
         Headbutt          |    18 |       ||    18
         Punch             |     3 |       ||     3
         Whip              |    59 |     1 ||    60
         Mace              |       |     2 ||     2
 Invoke: Recite            |     1 |     1 ||     2
    Use: Scroll            |     4 |     1 ||     5
         Potion            |     1 |       ||     1
 Armour: Plate armour      |   122 |     1 ||   123
  Dodge: Dodged            |    49 |     2 ||    51
